 Dungeon Crawl Stone Soup version 0.31-a0-426-g3a05650e59 (webtiles) character file.

Game seed: 2917033360328120520

38 arthad the Changeling (level 3, -4/27 HPs)
             Began as a Merfolk Shapeshifter on July 30, 2023.
             Slain by an orc
             ... wielding a +0 flail
              (6 damage)
             ... on level 2 of the Dungeon.
             The game lasted 00:03:14 (991 turns).

arthad the Changeling (Merfolk Shapeshifter)         Turns: 991, Time: 00:03:14

Health: -4/27      AC:  2    Str: 17    XL:     3   Next: 43%
Magic:  3/3        EV: 13    Int:  7    God:
Gold:   42         SH:  0    Dex: 14    Spells: 2/2 levels left

rFire   . .          .
                       - Unarmed
rCold   . . .        (no shield)
rNeg    . . .        a - +0 animal skin
rPois   .            (helmet currently unavailable)
rElec   .            (cloak currently unavailable)
rCorr   .            (gloves currently unavailable)
SInv    .            (boots currently unavailable)
Will    .....        (no amulet)
Stlth   +            (no ring)
HPRegen 0.24/turn    (no ring)
MPRegen 0.08/turn

%: no passive effects
@: beast-form
A: beast (slay +3), (nimble swimmer 2), mertail
a: Begin Untransformation


You were on level 2 of the Dungeon.
You were a hulking beast.
You visited 1 branch of the dungeon, and saw 2 of its levels.

You collected 97 gold pieces.
You spent 55 gold pieces at shops.

Inventory:

Missiles
 i - 3 boomerangs
Armour
 a - a +0 animal skin (worn)
 h - a +0 pair of boots
Talismans
 c - a beast talisman (active)
Scrolls
 d - a scroll of teleportation {unknown}
 e - a scroll of fear {unknown}
 g - 2 scrolls of identify {unknown}
 j - a scroll of brand weapon {unknown}
Potions
 b - a potion of lignification
 f - a potion of degeneration {unknown}


   Skills:
 + Level 1.9 Fighting
 + Level 3.3 Dodging
 + Level 3.7 Unarmed Combat
 + Level 4.4 Shapeshifting


You had 2 spell levels left.
You didn't know any spells.
Your spell library contained the following spells:

 Spells                   Type           Power      Damage    Failure   Level
 Ozocubu's Armour         Ice            0%         N/A       80%         3
 Ozocubu's Refrigeration  Ice            0%         4d7       100%        7


Dungeon Overview and Level Annotations

Branches:
Dungeon (2/15)

Altars:

Shops:
D:1 *


Innate Abilities, Weirdness & Mutations

You are a hulking beast.
Your limbs bulge with bestial killing power. (Slay +3)
((You are very nimble when in or above water. (Stealth+, EV+, Speed+++)))
Your lower body shifts to a powerful aquatic tail in water.


Message History

No target in view!
No target in view!
No target in view!
No target in view!
You see here a +0 leather armour.
You now have 18 gold pieces (gained 16).
A giant cockroach is nearby!
The giant cockroach bites you but does no damage.
You hit the giant cockroach.
The giant cockroach is almost dead.
The giant cockroach bites you.
You hit the giant cockroach.
You kill the giant cockroach!
No target in view!
No target in view!
No target in view!
No target in view!
No target in view!
No target in view!
You now have enough gold to buy a scroll labelled HUETZEABIR on D:1, or buy a scroll labelled IXUYCE YBIA on D:1.
You can access your shopping list by pressing '$'.
You now have 29 gold pieces (gained 11).
There is a fountain of clear blue water here.
You now have 42 gold pieces (gained 13).
An orc is nearby!
An orc is nearby!
The orc shouts!
The orc priest shouts!
The orc priest invokes the aid of Beogh against you.
Beogh smites you!
You hit the orc.
The orc is severely wounded.
The orc hits you with a +0 flail.
You closely miss the orc.
The orc is severely wounded.
The orc priest mumbles some strange prayers to Beogh against you.
Beogh smites you!
* * * LOW HITPOINT WARNING * * *
The orc hits you with a +0 flail.
You die...

..# #.# #.# #####
#.#############...o..
####.##.........ho.#
...........#####........
..................######
..รท.....##.#####..#
#.##.#.....# ....
#.##.#..####.# .#.##
.....#......>. . .#
#.####..######## .#
#..###..#


You could see an orc priest and an orc.

Vanquished Creatures
  A dart slug (D:2)
  3 orcs
  2 bats (D:1)
  2 endoplasms (D:1)
  5 giant cockroaches
  4 goblins (D:1)
  A hobgoblin (D:1)
  2 jackals (D:1)
  4 ball pythons
  A frilled lizard (D:1)
  A kobold (D:1)
  2 rats
28 creatures vanquished.

Notes
Turn   | Place    | Note
-------+----------+-------------------------------------------
     0 | D:1      | arthad the Merfolk Shapeshifter began the quest for the
                  | Orb.
     0 | D:1      | Reached XP level 1. HP: 15/15 MP: 1/1
    89 | D:1      | Found Jelud's Assorted Antiques.
   192 | D:1      | Reached XP level 2. HP: 21/21 MP: 2/2
   688 | D:2      | Reached XP level 3. HP: 27/27 MP: 3/3
   878 | D:1      | Bought a scroll labelled FATIAGULOI for 19 gold pieces
   878 | D:1      | Bought a cyan potion for 17 gold pieces
   878 | D:1      | Bought a scroll labelled FONIAN WECI for 19 gold pieces
   991 | D:2      | Slain by an orc

Illustrated notes

Levels and vault maps discovered:
D:1:      heliophobic_arrival_battle_scene, layout_basic, serial_shops, shop
D:2:      cheibrodos_pilgrimage, layout_loops_ring,
          hellmonk_ecumenical_altar_heavens_door, uniq_robin

Skill      XL: |  1 |
---------------+----+-----
Dodging        | 3 |  3.3
Fighting       | |  1.9
Unarmed Combat | |  3.7
Shapeshifting  | |  4.4

Action                     || total
---------------------------++-------
  Melee: Unarmed           ||    71
         Punch             ||     2
    Use: Potion            ||     2
   Stab: Sleeping          ||     2
 Armour: Animal skin       ||     7
  Dodge: Dodged            ||    52

Table legend: (Time is in decaauts)
 A = Elapsed time spent in this place.
 B = Non-inter-level travel time spent in this place.
 C = Inter-level travel time spent in this place.
 D = Time resting spent in this place.
 E = Time spent auto-exploring this place.
 F = Levels seen in this place.
 G = Mean time per level.
                   A        B        C        D        E       F      G
               +--------+--------+--------+--------+--------+-----+--------+
         Total |    986 |    855 |    131 |      0 |    634 |   2 |  493.0 |
       Dungeon |    986 |    855 |    131 |      0 |    634 |   2 |  493.0 |
               +--------+--------+--------+--------+--------+-----+--------+

Top non-repeatable levels by time:
     D:1: 723 daAuts
     D:2: 263 daAuts
